 Dungeon Crawl Stone Soup version 0.28-a0-537-g3bccd9ccbf (webtiles) character file.

Game seed: 4574674628286017841

58 meatgazer the Skirmisher (level 3, -7/29 HPs)
             Began as a Demonspawn Abyssal Knight on Sept 27, 2021.
             Was a Follower of Lugonu.
             Mangled by a gnoll (10 damage)
             ... on level 2 of the Dungeon.
             The game lasted 00:05:00 (1534 turns).

meatgazer the Skirmisher (DsAK)                     Turns: 1534, Time: 00:05:00

Health: -7/29      AC:  5    Str: 14    XL:     3   Next: 75%
Magic:  5/5        EV: 16    Int: 11    God:    Lugonu [*.....]
Gold:   88         SH:  0    Dex: 13    Spells: 2/2 levels left

rFire   . . .      SeeInvis .   a - +1 spear
rCold   . . .      Faith    .   (no shield)
rNeg    . . .      Spirit   .   b - +0 leather armour
rPois   .          Reflect  .   (no helmet)
rElec   .          Harm     .   (no cloak)
rCorr   .          Rampage  .   (no gloves)
Will    .....                   (no boots)
Stlth   +.........              (no amulet)
HPRegen 0.09/turn               (no ring)
MPRegen 0.09/turn               (no ring)

@: brilliant, agile
A: icy blue scales 1, powered by pain 1
a: Renounce Religion, Depart the Abyss


You were on level 2 of the Dungeon.
You worshipped Lugonu.
Lugonu was aware of your devotion.
You visited 1 branch of the dungeon, and saw 2 of its levels.
You visited the Abyss 1 time.

You collected 88 gold pieces.

Inventory:

Hand Weapons
 a - a +1 spear (weapon)
Missiles
 c - 87 stones
Armour
 b - a +0 leather armour (worn)
 d - a +0 buckler
Scrolls
 e - a scroll of identify


   Skills:
 + Level 3.5 Fighting
 + Level 2.4 Polearms
 - Level 1.7 Armour
 - Level 0.8 Dodging
 + Level 1.3 Shields
 + Level 3.3 Invocations


You had 2 spell levels left.
You didn't know any spells.
Your spell library contained the following spells:

 Spells                   Type           Power      Damage    Failure   Level
 Sandblast                Erth           0%         2d4       41%         1
 Passwall                 Tmut/Erth      0%         N/A       54%         2
 Stone Arrow              Conj/Erth      0%         3d7       78%         3


Dungeon Overview and Level Annotations

Branches:
Dungeon (2/15)

Altars:

Shops:
D:1 *


Innate Abilities, Weirdness & Mutations

You are partially covered in icy blue scales. (AC +2)
You sometimes gain a little power by taking damage.


Message History

You hit the gnoll.
The gnoll is almost dead.
The gnoll misses you. The gnoll barely misses you.
You hit the gnoll.
You kill the gnoll!
Lugonu accepts your kill.
The gnoll hits you from afar with a +0 halberd.
You barely miss the gnoll. The gnoll closely misses you.
The gnoll hits you but does no damage.
You hit the gnoll.
The gnoll is moderately wounded.
The gnoll misses you. The gnoll hits you with a +0 whip.
You hit the gnoll.
The gnoll is heavily wounded.
The gnoll misses you. The gnoll barely misses you.
You hit the gnoll.
The gnoll is heavily wounded.
The gnoll misses you. The gnoll hits you with a +0 whip.
You barely miss the gnoll.
The gnoll is heavily wounded.
The gnoll completely misses you. The gnoll hits you with a +0 whip.
* * * LOW HITPOINT WARNING * * *
You hit the gnoll.
The gnoll is almost dead.
The gnoll misses you. x2
You closely miss the gnoll.
The gnoll is almost dead.
The gnoll closely misses you. The gnoll completely misses you.
You barely miss the gnoll.
The gnoll is almost dead.
The gnoll barely misses you. The gnoll hits you with a +0 whip.
* * * LOW HITPOINT WARNING * * *
You hit the gnoll.
You kill the gnoll!
Lugonu accepts your kill. The gnoll closely misses you.
You hit the worm.
The worm is moderately wounded.
The gnoll hits you from afar with a +0 halberd!
You die...

####.#.# #.# #.#.#
#.# #.#.# #.# #.#.#
#.# #....####.#
#.........#
#.....#########
####+#.....§§.§# ≈
#......#.#.###@#
≈≈#....#.#.#.###w###
≈≈#..###.#.....§gg.#
≈≈.≈...#.###.###§#.#
≈≈.[...........gg#.#
≈≈...#.#.#.#.g.w...#
≈P≈≈...#.#.#.#######
≈≈≈≈...#.#.#..
≈≈≈..#.#.#.####


You could see a worm and 2 gnolls.

Vanquished Creatures
  2 gnolls (D:2)
  A worm (D:2)
  2 dart slugs (D:1)
  A ball python (D:1)
  3 endoplasms
  A giant cockroach (D:2)
  2 hobgoblins (D:1)
  2 jackals (D:1)
  5 quokkas (D:1)
  A bat (D:1)
  2 frilled lizards
  5 goblins (D:1)
  A kobold (D:1)
  A rat (D:2)
29 creatures vanquished.

Vanquished Creatures (others)
  6 plants (D:2)
  2 starspawn tentacles (Abyss:2)
8 creatures vanquished.

Grand Total: 37 creatures vanquished

Notes
Turn   | Place    | Note
-------+----------+-------------------------------------------
     0 | Abyss:1  | meatgazer the Demonspawn Abyssal Knight began the quest for
                  | the Orb.
     0 | Abyss:1  | Reached XP level 1. HP: 18/18 MP: 2/2
    21 | Abyss:2  | Noticed a tentacled starspawn
    58 | Abyss:3  | Noticed a large abomination
   114 | Abyss:3  | Noticed a large abomination
   126 | Abyss:3  | Noticed a starcursed mass
   126 | Abyss:3  | Noticed a large abomination
   129 | D:1      | Escaped the Abyss
   244 | D:1      | Reached * piety under Lugonu
   337 | D:1      | Found Wouthit's General Store.
   568 | D:1      | Gained mutation: You are partially covered in icy blue
                  | scales. (AC +2) [demonic ancestry]
   568 | D:1      | Reached XP level 2. HP: 24/24 MP: 4/4
   746 | D:1      | Found a faded altar of an unknown god.
   923 | D:1      | Reached skill level 1 in Shields
  1020 | D:1      | Gained mutation: You sometimes gain a little power by
                  | taking damage. [demonic ancestry]
  1020 | D:1      | Reached XP level 3. HP: 29/29 MP: 5/5
  1534 | D:2      | Mangled by a gnoll

Illustrated notes

Levels and vault maps discovered:
D:1:      minmay_arrival_shattered_statue, layout_loops_ring, serial_shops,
          shop, basic_ecumenical_altar
D:2:      layout_basic, chequers_big_river

Skill      XL: |  1  2 |
---------------+-------+-----
Polearms       | 2 |  2.4
Invocations    | 3 |  3.3
Shields        | 1 |  1.3
Fighting       | |  3.5
Armour         | |  1.7
Dodging        | |  0.8

Action                   || total
-------------------------++-------
Melee: Spear             ||   133
Invok: Depart the Abyss  ||     1
  Use: Scroll            ||     2
       Potion            ||     2
Armor: Leather armour    ||    21
Dodge: Dodged            ||    70

Table legend: (Time is in decaauts)
 A = Elapsed time spent in this place.
 B = Non-inter-level travel time spent in this place.
 C = Inter-level travel time spent in this place.
 D = Time resting spent in this place.
 E = Time spent auto-exploring this place.
 F = Levels seen in this place.
 G = Mean time per level.
                   A        B        C        D        E       F      G
               +--------+--------+--------+--------+--------+-----+--------+
         Total |   1537 |   1519 |     18 |    281 |    908 |   5 |  307.4 |
       Dungeon |   1404 |   1386 |     18 |    253 |    896 |   2 |  702.0 |
         Abyss |    132 |    132 |      0 |     28 |     12 |   3 |   44.0 |
               +--------+--------+--------+--------+--------+-----+--------+

Top non-repeatable levels by time:
     D:1: 1032 daAuts
     D:2: 371 daAuts
 Abyss:3: 103 daAuts
 Abyss:2: 18 daAuts
 Abyss:1: 11 daAuts
